DTBL
COLORADO DEMIGODS @ VIRGINIA KINGS
09/15/2020
 
TOP OF THE 1ST
Colorado Demigods batting - Pitching for Virginia Kings : RHP Zack Wheeler
Pitching: RHP Zack Wheeler
Batting: RHB Fernando Tatis Jr. 0-0: Foul Ball, location: 2F
0-1: DOUBLE (Line Drive, 7LM, EV 104.4 MPH)
Batting: RHB Jose Altuve 0-0: Ball
1-0: Sac Bunt to 23 - play at first, batter OUT! 3-4
Fernando Tatis Jr. to third
Batting: LHB Freddie Freeman 0-0: Foul Ball, location: 2F
0-1: Foul Ball, location: 2F
0-2: Ball
1-2: Ball
2-2: DOUBLE (Line Drive, 9LM, EV 98.1 MPH)
Fernando Tatis Jr. scores
Batting: RHB J.D. Martinez 0-0: Foul Ball, location: 2F
0-1: Called Strike
0-2: Ball
1-2: Ground out 6-3 (Groundball, 56, EV 80.0 MPH)
Batting: LHB Austin Meadows 0-0: Ball
1-0: Called Strike
1-1: Ball
2-1: Foul Ball, location: 7LMF
2-2: Strikes out swinging
Top of the 1st over - 1 run, 2 hits, 0 errors, 1 left on base; Colorado 1 - Virginia 0
BOTTOM OF THE 1ST
Virginia Kings batting - Pitching for Colorado Demigods : RHP Corey Kluber
Pitching: RHP Corey Kluber
Batting: SHB Jonathan Villar 0-0: Ball
1-0: Ball
2-0: Ball
3-0: Base on Balls
Batting: SHB Danny Santana 0-0: Ball
1-0: Ball
2-0: Fly out, F8 (Flyball, 8RS, EV 91.3 MPH)
Batting: LHB Matt Olson 0-0: Called Strike
0-1: Ball
1-1: Ball
2-1: Foul Ball, location: 2F
2-2: Ball
3-2: Foul Ball, location: 9LDF
3-2: Foul Ball, location: 2F
3-2: DOUBLE (Line Drive, 78XD, EV 107.5 MPH)
Jonathan Villar to third
Jonathan Villar scores
Batting: LHB Max Kepler 0-0: Called Strike
0-1: Foul Ball, location: 2F
0-2: Strikes out swinging
Batting: RHB Carlos Correa 0-0: Ball
1-0: Ball
2-0: SINGLE (Groundball, 6MD, EV 97.5 MPH)
Matt Olson to third
Runner from 3rd tries for Home, SAFE, throw by CF to home
Batting: LHB Mike Moustakas 0-0: Fly out, F9 (Line Drive, 9, EV 97.5 MPH)
Bottom of the 1st over - 2 runs, 2 hits, 0 errors, 1 left on base; Colorado 1 - Virginia 2
TOP OF THE 2ND
Colorado Demigods batting - Pitching for Virginia Kings : RHP Zack Wheeler
Batting: RHB Justin Turner 0-0: Called Strike
0-1: Ball
1-1: Swinging Strike
1-2: Ground out 3-1 (Groundball, 34, EV 76.9 MPH)
Batting: SHB Ketel Marte 0-0: Called Strike
0-1: Called Strike
0-2: Ball
1-2: Ball
2-2: Ground out 6-3 (Groundball, P, EV 75.6 MPH)
Batting: RHB Byron Buxton 0-0: Foul Ball, location: 2F
0-1: Called Strike
0-2: Foul Ball, location: 2F
0-2: Foul Ball, location: 23F
0-2: Reached via error on a dropped throw from 3B, E3 (Groundball, 56, EV 80.0 MPH)
Batting: RHB Tom Murphy 0-0: Ball
1-0: Ball
Byron Buxton steals 2nd base (no throw)
2-0: Ball
3-0: Called Strike
3-1: Foul Ball, location: 2F
3-2: Strikes out looking
Top of the 2nd over - 0 runs, 0 hits, 1 error, 1 left on base; Colorado 1 - Virginia 2
BOTTOM OF THE 2ND
Virginia Kings batting - Pitching for Colorado Demigods : RHP Corey Kluber
Batting: LHB David Dahl 0-0: Ball
1-0: Called Strike
1-1: Foul Ball, location: 2F
1-2: Ball
2-2: Foul Ball, location: 2F
2-2: Fly out, F7 (Line Drive, 7, EV 104.4 MPH)
Batting: RHB Rhys Hoskins 0-0: Ball
1-0: Fly out, F8 (Flyball, 78XD, EV 88.8 MPH)
Batting: RHB Sean Murphy 0-0: Ball
1-0: Ball
2-0: Ball
3-0: Called Strike
3-1: Ground out 6-3 (Groundball, 6, EV 100.6 MPH)
Bottom of the 2nd over - 0 runs, 0 hits, 0 errors, 0 left on base; Colorado 1 - Virginia 2
TOP OF THE 3RD
Colorado Demigods batting - Pitching for Virginia Kings : RHP Zack Wheeler
Batting: RHB Fernando Tatis Jr. 0-0: Foul Ball, location: 2F
0-1: SINGLE (Groundball, 56D, EV 98.8 MPH)
Batting: RHB Jose Altuve 0-0: Called Strike
0-1: Ball
1-1: Ball
2-1: Swinging Strike
2-2: Foul Ball, location: 2F
2-2: Foul Ball, location: 2F
2-2: Strikes out swinging
Batting: LHB Freddie Freeman 0-0: Swinging Strike
0-1: Ball
1-1: Grounds into double play, 4-6-3 (Groundball, 4, EV 103.1 MPH)
Top of the 3rd over - 0 runs, 1 hit, 0 errors, 0 left on base; Colorado 1 - Virginia 2
BOTTOM OF THE 3RD
Virginia Kings batting - Pitching for Colorado Demigods : RHP Corey Kluber
Batting: SHB Jonathan Villar 0-0: Ball
1-0: Called Strike
1-1: Ball
2-1: Fly out, F8 (Flyball, 8RD, EV 90.0 MPH)
Batting: SHB Danny Santana 0-0: Bunt for hit to 15S - play at first, batter OUT! 1-3
Batting: LHB Matt Olson 0-0: Ball
1-0: Foul Ball, location: 2F
1-1: SINGLE (Line Drive, 78S, EV 107.5 MPH)
Batting: LHB Max Kepler 0-0: Swinging Strike
0-1: DOUBLE (Line Drive, 7LS, EV 91.3 MPH)
Matt Olson to third
Runner from 3rd tries for Home, SAFE, throw by LF to trailing runner, SAFE at third!
Batting: RHB Carlos Correa 0-0: Called Strike
0-1: Ball
1-1: Swinging Strike
1-2: Ball
Wild Pitch!
Max Kepler scores
2-2: Ball
3-2: Ground out 6-3 (Groundball, 6, EV 81.3 MPH)
Bottom of the 3rd over - 2 runs, 2 hits, 0 errors, 0 left on base; Colorado 1 - Virginia 4
TOP OF THE 4TH
Colorado Demigods batting - Pitching for Virginia Kings : RHP Zack Wheeler
Batting: RHB J.D. Martinez 0-0: Ball
1-0: Ball
2-0: Ball
3-0: Called Strike
3-1: Called Strike
3-2: Foul Ball, location: 3SF
3-2: Strikes out swinging
Batting: LHB Austin Meadows 0-0: Swinging Strike
0-1: Ball
1-1: Foul Ball, location: 2F
1-2: Strikes out looking
Batting: RHB Justin Turner 0-0: SINGLE (Line Drive, 4D, EV 96.3 MPH)
Batting: SHB Ketel Marte 0-0: Ball
1-0: Called Strike
1-1: Ball
2-1: Foul Ball, location: 2F
2-2: Ball
3-2: Base on Balls
Justin Turner to second
Batting: RHB Byron Buxton 0-0: Swinging Strike
0-1: Swinging Strike
0-2: Strikes out swinging
Top of the 4th over - 0 runs, 1 hit, 0 errors, 2 left on base; Colorado 1 - Virginia 4
BOTTOM OF THE 4TH
Virginia Kings batting - Pitching for Colorado Demigods : RHP Corey Kluber
Batting: LHB Mike Moustakas 0-0: Ball
1-0: DOUBLE (Line Drive, 7LS, EV 96.3 MPH)
Batting: LHB David Dahl 0-0: 2-RUN HOME RUN (Flyball, 8LXD, EV 90.0 MPH), Distance : 426 ft
Pitching: RHP Zac Gallen
Batting: RHB Rhys Hoskins 0-0: Ground out 6-3 (Groundball, 6, EV 101.3 MPH)
Batting: RHB Sean Murphy 0-0: Called Strike
0-1: Ground out 5-3 (Groundball, 5S, EV 67.5 MPH)
Batting: SHB Jonathan Villar 0-0: Ground out 4-3 (Groundball, 34D, EV 108.8 MPH)
Bottom of the 4th over - 2 runs, 2 hits, 0 errors, 0 left on base; Colorado 1 - Virginia 6
TOP OF THE 5TH
Colorado Demigods batting - Pitching for Virginia Kings : RHP Zack Wheeler
Batting: RHB Tom Murphy 0-0: Foul Ball, location: 9LSF
0-1: Foul Ball, location: 2F
0-2: Ball
1-2: Strikes out swinging
Batting: RHB Fernando Tatis Jr. 0-0: Fly out, F7 (Flyball, 78S, EV 83.1 MPH)
Batting: RHB Jose Altuve 0-0: Called Strike
0-1: Foul Ball, location: 5F
0-2: Fly out, F7 (Line Drive, 7, EV 93.8 MPH)
Top of the 5th over - 0 runs, 0 hits, 0 errors, 0 left on base; Colorado 1 - Virginia 6
BOTTOM OF THE 5TH
Virginia Kings batting - Pitching for Colorado Demigods : RHP Zac Gallen
Batting: SHB Danny Santana 0-0: Ball
1-0: Foul Ball, location: 2F
1-1: Called Strike
1-2: Foul Ball, location: 2F
1-2: Foul Ball, location: 2F
1-2: Fly out, F6 (Popup, 6MD, EV 60.6 MPH)
Batting: LHB Matt Olson 0-0: Ball
1-0: Foul Ball, location: 2F
1-1: Ball
2-1: Foul Ball, location: 2F
2-2: Strikes out looking
Batting: LHB Max Kepler 0-0: Ball
1-0: Foul Ball, location: 2F
1-1: Ground out 4-3 (Groundball, 4, EV 83.8 MPH)
Bottom of the 5th over - 0 runs, 0 hits, 0 errors, 0 left on base; Colorado 1 - Virginia 6
TOP OF THE 6TH
Colorado Demigods batting - Pitching for Virginia Kings : RHP Zack Wheeler
Batting: LHB Freddie Freeman 0-0: SINGLE (Line Drive, 7S, EV 95.0 MPH)
Batting: RHB J.D. Martinez 0-0: Foul Ball, location: 2F
0-1: Ball
1-1: Ball
2-1: Foul Ball, location: 2F
2-2: Strikes out swinging
Batting: LHB Austin Meadows 0-0: Ball
1-0: SINGLE (Line Drive, 8LS, EV 103.8 MPH)
Freddie Freeman to second
Batting: RHB Justin Turner 0-0: Ball
1-0: Foul Ball, location: 7LMF
1-1: DOUBLE (Groundball, 5L, EV 105.6 MPH)
Freddie Freeman scores
Austin Meadows to third
Runner from 3rd tries for Home, SAFE, throw by LF to home
Batting: SHB Ketel Marte 0-0: Called Strike
0-1: Fly out, F7 (Line Drive, 7, EV 96.9 MPH)
Batting: RHB Byron Buxton 0-0: Ball
1-0: Called Strike
1-1: Fly out, F7 (Flyball, 78XD, EV 89.4 MPH)
Top of the 6th over - 2 runs, 3 hits, 0 errors, 1 left on base; Colorado 3 - Virginia 6
BOTTOM OF THE 6TH
Virginia Kings batting - Pitching for Colorado Demigods : RHP Zac Gallen
Batting: RHB Carlos Correa 0-0: Ball
1-0: Called Strike
1-1: Called Strike
1-2: Strikes out swinging
Batting: LHB Mike Moustakas 0-0: Called Strike
0-1: Ball
1-1: Foul Ball, location: 2F
1-2: Ground out 6-3 (Groundball, 4, EV 87.5 MPH)
Pitching: RHP Adam Ottavino
Batting: LHB David Dahl 0-0: Ball
1-0: Ball
2-0: Ground out 3-1 (Groundball, 34, EV 89.4 MPH)
Bottom of the 6th over - 0 runs, 0 hits, 0 errors, 0 left on base; Colorado 3 - Virginia 6
TOP OF THE 7TH
Colorado Demigods batting - Pitching for Virginia Kings : RHP Zack Wheeler
Batting: RHB Tom Murphy 0-0: DOUBLE (Flyball, 78D, EV 101.9 MPH)
Pitching: RHP Archie Bradley
Batting: RHB Fernando Tatis Jr. 0-0: Ball
1-0: Foul Ball, location: 2F
1-1: Foul Ball, location: 2F
1-2: Fly out, F7 (Flyball, 7LS, EV 83.1 MPH)
Batting: RHB Jose Altuve 0-0: Swinging Strike
0-1: Foul Ball, location: 7LDF
0-2: Ball
1-2: Ball
2-2: Fly out, F4 (Flyball, 4D, EV 91.3 MPH)
Batting: LHB Freddie Freeman 0-0: Foul Ball, location: 2F
0-1: Ball
1-1: Foul Ball, location: 2F
1-2: Ball
2-2: Ball
3-2: SINGLE (Flyball, 4D, EV 88.1 MPH)
Tom Murphy to third
Tom Murphy scores
Batting: RHB J.D. Martinez 0-0: Called Strike
0-1: Ball
1-1: Foul Ball, location: 2F
1-2: Ball
2-2: Strikes out swinging
Top of the 7th over - 1 run, 2 hits, 0 errors, 1 left on base; Colorado 4 - Virginia 6
BOTTOM OF THE 7TH
Virginia Kings batting - Pitching for Colorado Demigods : RHP Adam Ottavino
Batting: RHB Rhys Hoskins 0-0: Called Strike
0-1: Ground out 6-3 (Groundball, 56D, EV 75.0 MPH)
Batting: RHB Sean Murphy 0-0: Called Strike
0-1: SINGLE (Groundball, 4MD, EV 106.9 MPH)
Batting: SHB Jonathan Villar 0-0: Ball
1-0: Called Strike
1-1: Foul Ball, location: 2F
1-2: Foul Ball, location: 23F
1-2: Ball
2-2: Foul Ball, location: 2LF
2-2: Ball
3-2: Base on Balls
Sean Murphy to second
Batting: SHB Danny Santana 0-0: Ball
1-0: Ball
2-0: Foul Ball, location: 2F
2-1: Ball
3-1: Fielders Choice at 2nd, 6-4 (Groundball, 6, EV 78.8 MPH)
Sean Murphy to third
Pitching: LHP Jose Alvarado
Batting: LHB Matt Olson 0-0: Ball
1-0: SINGLE (Line Drive, 8LS, EV 96.9 MPH)
Sean Murphy scores
Danny Santana to second
Runner from 2nd tries for 3rd, SAFE, throw by CF made to third
Batting: LHB Max Kepler 0-0: Called Strike
0-1: Called Strike
0-2: Ball
1-2: Fly out, F8 (Flyball, 8RS, EV 87.5 MPH)
Bottom of the 7th over - 1 run, 2 hits, 0 errors, 2 left on base; Colorado 4 - Virginia 7
TOP OF THE 8TH
Colorado Demigods batting - Pitching for Virginia Kings : RHP Archie Bradley
Batting: LHB Austin Meadows 0-0: Ball
1-0: Called Strike
1-1: Reached on error, E4 (Popup, 34S, EV 81.9 MPH)
Batting: RHB Justin Turner 0-0: Called Strike
0-1: Ball
1-1: Ball
2-1: Ball
3-1: Base on Balls
Austin Meadows to second
Pitching: RHP Keone Kela
Batting: SHB Ketel Marte 0-0: Ball
1-0: Ball
2-0: Called Strike
2-1: Called Strike
2-2: Ball
3-2: Base on Balls
Austin Meadows to third
Justin Turner to second
Pinch Hitting: SHB Francisco Lindor 0-0: Ball
1-0: Called Strike
1-1: Ball
2-1: Swinging Strike
2-2: Strikes out looking
Batting: RHB Tom Murphy 0-0: Called Strike
0-1: Swinging Strike
0-2: Ball
1-2: Strikes out swinging
Batting: RHB Fernando Tatis Jr. 0-0: Ball
1-0: Ball
2-0: Ball
3-0: Called Strike
3-1: Swinging Strike
3-2: Strikes out looking
Top of the 8th over - 0 runs, 0 hits, 1 error, 3 left on base; Colorado 4 - Virginia 7
BOTTOM OF THE 8TH
Virginia Kings batting - Pitching for Colorado Demigods : LHP Jose Alvarado
Now in CF: Jackie Bradley Jr.
Batting: RHB Carlos Correa 0-0: Foul Ball, location: 2F
0-1: Ball
1-1: Ball
2-1: Ball
3-1: Base on Balls
Batting: LHB Mike Moustakas 0-0: Foul Ball, location: 2F
0-1: Foul Ball, location: 2F
0-2: Ball
1-2: Strikes out swinging
Batting: LHB David Dahl 0-0: Ball
1-0: Swinging Strike
1-1: Fly out, F6 (Popup, 6, EV 75.0 MPH)
Batting: RHB Rhys Hoskins 0-0: Called Strike
0-1: Ball
1-1: Foul Ball, location: 2F
1-2: Ground out 5-3 (Groundball, 56S, EV 61.9 MPH)
Bottom of the 8th over - 0 runs, 0 hits, 0 errors, 1 left on base; Colorado 4 - Virginia 7
TOP OF THE 9TH
Colorado Demigods batting - Pitching for Virginia Kings : RHP Keone Kela
Pitching: RHP Hector Neris
Batting: RHB Jose Altuve 0-0: Called Strike
0-1: Swinging Strike
0-2: Strikes out swinging
Batting: LHB Freddie Freeman 0-0: Called Strike
0-1: Swinging Strike
0-2: Strikes out looking
Batting: RHB J.D. Martinez 0-0: Ball
1-0: Foul Ball, location: 2F
1-1: Ball
2-1: Ground out 4-3 (Groundball, 4, EV 82.5 MPH)
Top of the 9th over - 0 runs, 0 hits, 0 errors, 0 left on base; Colorado 4 - Virginia 7
Sunday, July 5th, 2020 - OOTP Baseball 21.4 Build 63